Map: Acropolis LE

Players

MiToSiS - Winner!

  • Race: Terran Terran
  • League: Master
  • Spawn Location: 11:00

ZAiN

  • Race: Protoss Protoss
  • Spawn Location: 5:00

Event: NationWars 2019

VOD

Have the link to the VOD?

Description

Time

  • Played on: Sept. 26, 2019, 5:06 p.m.
  • Length: 5:44
Show
View Real Time Build Order
Export as new Build Order

MiToSiS Terran - Winner!

Build Orders:  

Get SALT Encoding   

  12  0:02  SCV  
  13  0:14  SCV  
  13  0:20  Supply Depot  
  14  0:37  SCV  
  15  0:42  Barracks  
  15  0:50  SCV  
  15  0:55  Barracks  
  16  1:02  SCV  
  17  1:14  SCV  
  18  1:29  Orbital Command  
  18  1:30  Marine  
  19  1:39  Barracks  
  19  1:52  Barracks, Marine  
  20  1:59  Marine  
  20  2:00  Supply Depot  
  21  2:08  Barracks  
  21  2:09  SCV  
  21  2:13  Marine  
  23  2:21  Marine  
  24  2:29  Marine  
  24  2:34  Marine  
  26  2:37  Supply Depot  
  26  2:39  Marine  
  26  2:40  Marine  
  28  2:47  Marine  
  28  2:49  Supply Depot  
  29  2:52  Marine  
  29  2:56  Marine  
  31  2:58  Marine x2  
  31  3:05  Marine  
  33  3:10  Marine  
  35  3:13  Marine  
  35  3:16  Marine x2  
  38  3:23  Marine  
  39  3:27  Marine  
  39  3:31  Marine  
  41  3:34  SCV, Marine x2  
  41  3:41  Marine  
  45  3:47  Marine  
  46  3:49  Marine  
  46  3:55  Marine  
  46  4:08  Marine  
  44  4:27  Marine  
  43  4:39  Marine  
  43  4:51  Marine  
  40  4:57  Marine x4  
  41  5:12  Marine  
  31  5:23  Marine  
Show
View Real Time Build Order
Export as new Build Order

ZAiN Protoss 

Build Orders: 1 Gate Expand 

Get SALT Encoding   

  12  0:00  Probe  
  13  0:13  Probe  
  14  0:16  Pylon  
  14  0:25  Probe (Chrono Boost)  
  16  0:37  Probe (Chrono Boost), Gateway  
  16  0:43  Probe (Chrono Boost)  
  16  0:46  Assimilator  
  17  0:51  Probe  
  18  1:03  Probe  
  19  1:15  Probe  
  20  1:24  Cybernetics Core  
  20  1:33  Nexus  
  20  1:40  Pylon  
  20  1:44  Probe  
  21  1:48  Assimilator  
  21  1:56  Probe  
  21  1:58  Adept (Chrono Boost)  
  24  2:02  Warp Gate  
  24  2:08  Probe  
  25  2:20  Probe  
  26  2:25  Stalker  
  26  2:28  Shield Battery  
  28  2:33  Probe  
  28  2:38  Shield Battery  
  28  2:55  Stalker (Chrono Boost), Robotics Facility  
  28  2:57  Probe  
  28  2:58  Probe  
  32  3:09  Probe  
  33  3:16  Gateway  
  33  3:18  Gateway  
  33  3:20  Sentry (Chrono Boost)  
  33  3:24  Probe (Chrono Boost)  
  33  3:26  Probe (Chrono Boost)  
  37  3:35  Probe x2 (Chrono Boost)  
  37  3:38  Shield Battery  
  38  3:43  Pylon  
  38  3:58  Pylon  
  32  4:09  Stalker  
  35  4:19  Stalker, Sentry  
  39  4:26  Pylon  
  39  4:29  Pylon  
  39  4:30  Pylon  
  33  4:33  Shield Battery  
  33  4:35  Shield Battery  
  33  4:37  Sentry  
  34  4:49  Shield Battery  
  33  4:56  Sentry  
  33  4:57  Sentry  
  33  4:59  Shield Battery  
  33  5:08  Sentry  
Tags
 
Add a new tag
Caveats
  • Supply blocks, unpowered buildings, or Contaminate may cause inaccurate times.
  • Supply counts are checked every 10 seconds.